1844 views
Uploaded 2023-02-04 15:35:36
Game version 1.35 (6115)
30:21 long 1on1 ladder game on (2)shallowgrave_v1.4 s3
Saved by HeadStomp
1844 views
Uploaded 2023-02-04 15:35:36
Game version 1.35 (6115)
30:21 long 1on1 ladder game on (2)shallowgrave_v1.4 s3

109 units @ 17.4k
/ 2k
17 buildings @ 2.7k
/ 1.1k


| Rod of Necromancy | 2 | 300 |
| Sacrificial Skull | 1 | 50 |
| Orb of Corruption | 1 | 375 |
| Dust of Appearance | 2 | 150 |
| Scroll of Healing | 2 | 500 |
| Scroll of Town Portal | 1 | 350 |
| Potion of Lesser Invulnerability | 2 | 300 |
| total: | 11 | 2025g |
| Acolyte | 9 | 675 | / | 0 |
| Ghoul | 53 | 6360 | / | 0 |
| Crypt Fiend | 40 | 8600 | / | 1600 |
| Obsidian Statue | 5 | 1000 | / | 175 |
| Frost Wyrm | 2 | 770 | / | 240 |
| total: | 109 | 17405g | / | 2015w |
| Spirit Tower | 10 | 1450 | / | 400 |
| Crypt | 1 | 200 | / | 50 |
| Altar of Darkness | 1 | 180 | / | 50 |
| Ziggurat | 9 | 1350 | / | 450 |
| Tomb of Relics | 2 | 260 | / | 60 |
| Graveyard | 1 | 215 | / | 0 |
| Slaughterhouse | 1 | 140 | / | 135 |
| Boneyard | 2 | 350 | / | 400 |
| Halls of the Dead | 1 | 320 | / | 210 |
| Black Citadel | 1 | 325 | / | 230 |
| total: | 17 | 2695g | / | 1145w |
| 0:03 | Acolyte |
| 0:11 | Crypt |
| 0:14 | Altar of Darkness |
| 0:20 | Acolyte |
| 0:34 | Ziggurat |
| 0:55 | Tomb of Relics |
| 1:13 | Ghoul |
| 1:13 | Ghoul |
| 1:13 | Ghoul |
| 1:13 | Ghoul |
| 1:13 | Ghoul |
| 1:13 | Ghoul |
| 1:13 | Ghoul |
| 1:13 | Ghoul |
| 1:13 | Ghoul |
| 1:13 | Ghoul |
| 1:13 | Ghoul |
| 1:13 | Ghoul |
| 1:13 | Ghoul |
| 1:13 | Ghoul |
| 1:13 | Ghoul |
| 1:13 | Ghoul |
| 1:13 | Ghoul |
| 1:13 | Ghoul |
| 1:13 | Ghoul |
| 1:13 | Ghoul |
| 1:13 | Ghoul |
| 1:13 | Ghoul |
| 1:13 | Ghoul |
| 1:13 | Ghoul |
| 1:13 | Ghoul |
| 1:13 | Ghoul |
| 1:13 | Ghoul |
| 1:18 | Ziggurat |
| 1:30 | Ghoul |
| 1:30 | Ghoul |
| 1:30 | Ghoul |
| 1:30 | Ghoul |
| 1:30 | Ghoul |
| 1:30 | Ghoul |
| 1:30 | Ghoul |
| 1:30 | Ghoul |
| 1:30 | Ghoul |
| 1:30 | Ghoul |
| 1:30 | Ghoul |
| 1:30 | Ghoul |
| 1:30 | Ghoul |
| 1:30 | Ghoul |
| 1:31 | Ghoul |
| 1:31 | Ghoul |
| 1:31 | Ghoul |
| 1:31 | Ghoul |
| 1:31 | Ghoul |
| 1:31 | Ghoul |
| 1:31 | Ghoul |
| 1:49 | Ghoul |
| 2:24 | Death Coil |
| 2:32 | Rod of Necromancy |
| 2:33 | Sacrificial Skull |
| 2:57 | Halls of the Dead |
| 3:00 | Graveyard |
| 3:10 | Ghoul |
| 4:04 | Unholy Aura |
| 4:47 | Crypt Fiend |
| 4:47 | Crypt Fiend |
| 4:47 | Crypt Fiend |
| 4:47 | Crypt Fiend |
| 4:47 | Crypt Fiend |
| 4:47 | Crypt Fiend |
| 4:47 | Crypt Fiend |
| 4:48 | Crypt Fiend |
| 4:48 | Crypt Fiend |
| 4:51 | Ziggurat |
| 5:03 | Rod of Necromancy |
| 5:04 | Dust of Appearance |
| 5:32 | Crypt Fiend |
| 5:33 | Crypt Fiend |
| 6:04 | Acolyte |
| 6:11 | Slaughterhouse |
| 6:14 | Crypt Fiend |
| 6:37 | Death Coil |
| 6:50 | Ghoul |
| 6:50 | Ghoul |
| 6:50 | Ghoul |
| 7:01 | Frost Nova |
| 7:21 | Potion of Lesser Invulnerability |
| 7:42 | Scroll of Healing |
| 7:52 | Tomb of Relics |
| 8:27 | Ziggurat |
| 8:30 | Ziggurat |
| 8:35 | Ziggurat |
| 9:03 | Ziggurat |
| 9:04 | Spirit Tower |
| 9:27 | Frost Armor |
| 9:37 | Scroll of Healing |
| 9:50 | Obsidian Statue |
| 9:51 | Obsidian Statue |
| 10:18 | Frost Nova |
| 11:02 | Spirit Tower |
| 11:06 | Dust of Appearance |
| 11:20 | Crypt Fiend |
| 11:21 | Crypt Fiend |
| 11:21 | Crypt Fiend |
| 11:21 | Crypt Fiend |
| 11:21 | Crypt Fiend |
| 11:21 | Crypt Fiend |
| 11:21 | Crypt Fiend |
| 11:21 | Crypt Fiend |
| 11:21 | Crypt Fiend |
| 11:21 | Crypt Fiend |
| 11:23 | Acolyte |
| 11:37 | Acolyte |
| 11:39 | Acolyte |
| 11:40 | Acolyte |
| 11:56 | Obsidian Statue |
| 11:56 | Obsidian Statue |
| 12:22 | Crypt Fiend |
| 12:25 | Creature Attack |
| 13:10 | Unholy Aura |
| 13:16 | Crypt Fiend |
| 13:17 | Crypt Fiend |
| 13:17 | Crypt Fiend |
| 13:17 | Crypt Fiend |
| 13:21 | Creature Carapace |
| 13:50 | Black Citadel |
| 13:53 | Spirit Tower |
| 13:54 | Spirit Tower |
| 13:57 | Spirit Tower |
| 14:52 | Improved Creature Attack |
| 14:52 | Improved Creature Carapace |
| 14:55 | Web |
| 16:22 | Crypt Fiend |
| 16:23 | Crypt Fiend |
| 16:23 | Crypt Fiend |
| 16:23 | Crypt Fiend |
| 16:23 | Crypt Fiend |
| 16:23 | Crypt Fiend |
| 16:23 | Crypt Fiend |
| 16:23 | Crypt Fiend |
| 16:23 | Crypt Fiend |
| 16:23 | Crypt Fiend |
| 16:28 | Obsidian Statue |
| 16:42 | Scroll of Town Portal |
| 16:49 | Orb of Corruption |
| 17:03 | Crypt Fiend |
| 17:11 | Crypt Fiend |
| 17:14 | Advanced Creature Attack |
| 17:31 | Boneyard |
| 17:32 | Boneyard |
| 17:51 | Potion of Lesser Invulnerability |
| 18:31 | Death Coil |
| 18:58 | Crypt Fiend |
| 19:02 | Frost Armor |
| 20:25 | Frost Wyrm |
| 20:26 | Frost Wyrm |
| 23:27 | Acolyte |
| 23:27 | Acolyte |
| 24:28 | Ziggurat |
| 25:46 | Ziggurat |
| Right click | 595 |
| Select | 369 |
| Build/train/purchase | 212 |
| Select group | 194 |
| Misc. action | 128 |
| Use ability | 65 |
| Assign group | 49 |
| Chat | 12 |
| Remove unit | 5 |
| Item give/drop | 4 |
63 units @ 9.6k
/ 0.8k
17 buildings @ 3.3k
/ 1.1k



| Healing Salve | 7 | 700 |
| Lesser Clarity Potion | 4 | 280 |
| Orb of Lightning | 1 | 375 |
| Potion of Healing | 3 | 450 |
| Circlet of Nobility | 1 | 175 |
| total: | 16 | 1980g |
| Peon | 18 | 1350 | / | 0 |
| Grunt | 20 | 4000 | / | 0 |
| Raider | 11 | 1980 | / | 440 |
| Shaman | 1 | 130 | / | 20 |
| Demolisher | 2 | 440 | / | 100 |
| Kodo Beast | 1 | 255 | / | 60 |
| Troll Headhunter | 8 | 1120 | / | 160 |
| Troll Berserker | 2 | 280 | / | 40 |
| total: | 63 | 9555g | / | 820w |
| Altar of Storms | 1 | 180 | / | 50 |
| Orc Burrow | 7 | 1120 | / | 280 |
| Barracks | 1 | 180 | / | 50 |
| Voodoo Lounge | 1 | 130 | / | 30 |
| War Mill | 3 | 615 | / | 0 |
| Great Hall | 2 | 770 | / | 370 |
| Beastiary | 1 | 145 | / | 140 |
| Spirit Lodge | 1 | 150 | / | 150 |
| Stronghold | 1 | 315 | / | 190 |
| Fortress | 3 | 975 | / | 570 |
| total: | 17 | 3290g | / | 1070w |
| 0:05 | Altar of Storms |
| 0:06 | Peon |
| 0:06 | Peon |
| 0:22 | Orc Burrow |
| 0:25 | Peon |
| 0:54 | Barracks |
| 0:59 | Peon |
| 1:02 | Peon |
| 1:48 | Orc Burrow |
| 1:53 | Peon |
| 1:53 | Peon |
| 1:55 | Peon |
| 1:57 | Grunt |
| 2:09 | Wind Walk |
| 2:36 | Circlet of Nobility |
| 2:44 | Peon |
| 2:47 | Grunt |
| 2:48 | Peon |
| 2:57 | Voodoo Lounge |
| 3:03 | Peon |
| 3:41 | Peon |
| 3:41 | Peon |
| 3:43 | Grunt |
| 4:44 | Stronghold |
| 4:46 | Orc Burrow |
| 4:50 | Healing Salve |
| 4:50 | Healing Salve |
| 5:04 | Orc Burrow |
| 5:54 | Orc Burrow |
| 5:57 | War Mill |
| 6:01 | Grunt |
| 6:22 | Grunt |
| 6:50 | Critical Strike |
| 7:24 | Wind Walk |
| 7:27 | Grunt |
| 7:29 | Peon |
| 7:39 | Beastiary |
| 7:42 | Spirit Lodge |
| 8:10 | Orc Burrow |
| 8:27 | Orc Burrow |
| 9:02 | Healing Wave |
| 9:05 | Grunt |
| 9:07 | Raider |
| 9:34 | Great Hall |
| 10:34 | Ensnare |
| 10:34 | Raider |
| 10:34 | Raider |
| 10:36 | Shaman Adept Training |
| 10:57 | War Mill |
| 11:11 | Grunt |
| 12:05 | Raider |
| 12:08 | Grunt |
| 12:09 | Berserker Strength |
| 12:10 | Grunt |
| 12:16 | Peon |
| 12:19 | Peon |
| 12:19 | Peon |
| 12:19 | Peon |
| 12:26 | Critical Strike |
| 12:35 | Grunt |
| 12:38 | Shaman |
| 12:54 | War Mill |
| 13:01 | Healing Salve |
| 13:11 | Lesser Clarity Potion |
| 13:15 | Hex |
| 13:27 | Steel Armor |
| 13:32 | Spiked Barricades |
| 13:43 | Fortress |
| 14:18 | Steel Melee Weapons |
| 14:50 | Grunt |
| 14:50 | Grunt |
| 14:51 | Demolisher |
| 14:53 | Grunt |
| 16:00 | Healing Wave |
| 16:32 | Grunt |
| 16:36 | Kodo Beast |
| 16:54 | Healing Salve |
| 16:55 | Lesser Clarity Potion |
| 16:56 | Lesser Clarity Potion |
| 17:04 | Healing Salve |
| 17:31 | Endurance Aura |
| 17:35 | Burning Oil |
| 17:37 | Orb of Lightning |
| 17:42 | Potion of Healing |
| 17:49 | War Drums Damage Increase |
| 18:02 | Improved Spiked Barricades |
| 18:04 | Reinforced Defenses |
| 18:50 | Thorium Melee Weapons |
| 18:51 | Thorium Armor |
| 20:07 | Serpent Ward |
| 20:25 | Raider |
| 20:26 | Raider |
| 20:26 | Raider |
| 20:29 | Grunt |
| 20:29 | Grunt |
| 20:29 | Grunt |
| 20:30 | Grunt |
| 20:31 | Arcanite Melee Weapons |
| 20:39 | Arcanite Armor |
| 20:52 | Wind Walk |
| 21:49 | Potion of Healing |
| 21:49 | Potion of Healing |
| 21:52 | Healing Salve |
| 22:06 | Troll Headhunter |
| 22:06 | Troll Headhunter |
| 22:06 | Troll Headhunter |
| 22:07 | Troll Headhunter |
| 22:07 | Troll Headhunter |
| 22:19 | War Stomp |
| 23:02 | Troll Headhunter |
| 23:03 | Raider |
| 23:29 | Troll Headhunter |
| 23:38 | Troll Headhunter |
| 24:11 | Healing Wave |
| 24:26 | Healing Salve |
| 24:26 | Lesser Clarity Potion |
| 24:33 | Pillage |
| 24:40 | Steel Ranged Weapons |
| 24:47 | Berserker Upgrade |
| 25:25 | Raider |
| 25:25 | Raider |
| 25:47 | Thorium Ranged Weapons |
| 26:20 | Demolisher |
| 27:06 | Bladestorm |
| 27:25 | Great Hall |
| 27:36 | Troll Regeneration |
| 28:42 | Troll Berserker |
| 28:43 | Troll Berserker |
| 28:43 | Grunt |
| 28:48 | Raider |
| Right click | 1512 |
| Select | 500 |
| Build/train/purchase | 156 |
| Use ability | 81 |
| Select group | 41 |
| Misc. action | 26 |
| Chat | 12 |
| Assign group | 10 |
| Item give/drop | 1 |
| Remove unit | 1 |